 Dungeon Crawl Stone Soup version 0.23-a0-490-ge7ea69a (webtiles) character file.

25 zishaf the Insei (level 3, 0/18 HPs)
             Began as a Vine Stalker Transmuter on Dec 2, 2018.
             Succumbed to an adder's poison
             ... on level 1 of the Dungeon.
             The game lasted 00:01:29 (913 turns).

zishaf the Insei (Vine Stalker Transmuter)           Turns: 913, Time: 00:01:30

Health: 0/18       AC: 11    Str: 12    XL:     3   Next: 4%
Magic:  4/7        EV:  2    Int: 14    God:
Gold:   32         SH:  0    Dex: 14    Spells: 5/6 levels left

rFire    . . .     SeeInvis .   h - +0 whip
rCold    . . .     Gourm    .   (no shield)
rNeg     . . .     Faith    .   p - +0 plate armour
rPois    .         Spirit   +   (no helmet)
rElec    .         Reflect  .   (no cloak)
rCorr    .         Harm     .   (no gloves)
MR       .....                  c - +0 pair of boots
Stlth    ..........             (no amulet)
HPRegen  0.06/turn              f - ring of stealth
MPRegen  0.10/turn              (no ring)

@: lethally poisoned (0 -> -4), heavily drained
A: fangs 2, magic shield, antimagic bite, no potion heal 3, rot immunity
a: no special abilities


You were on level 1 of the Dungeon.
You were not hungry.

You visited 1 branch of the dungeon, and saw 2 of its levels.

You collected 32 gold pieces.

Inventory:

Hand Weapons
 h - a +0 whip (weapon)
Missiles
 a - 12 arrows
 m - 23 poisoned needles
 s - 21 stones (quivered)
Armour
 b - a +0 robe
 c - a +0 pair of boots (worn)
 p - a +0 plate armour (worn)
Jewellery
 f - a ring of stealth (left hand)
 n - an uncursed amulet of harm
Scrolls
 e - a scroll of magic mapping {unknown}
 i - 2 scrolls of identify {unknown}
 q - a scroll of blinking {unknown}
Potions
 g - 3 potions of heal wounds {unknown}
 j - 2 potions of brilliance {unknown}
 k - a potion of cancellation {unknown}
 l - a potion of mutation {unknown}
 o - a potion of might {unknown}
Comestibles
 d - 3 rations
 r - 3 chunks of flesh


   Skills:
 * Level 1.3(0.1) Fighting
 * Level 2.0(0.7) Dodging
 * Level 3.3(2.0) Unarmed Combat
 + Level 2.3(1.0) Spellcasting
 + Level 2.1(0.9) Transmutations


You had 5 spell levels left.
You knew the following spells:

 Your Spells              Type           Power        Failure   Level  Hunger
a - Beastly Appendage     Tmut           #.....       100%        1    ##.....

Your spell library contained the following spells:

 Spells                   Type           Power        Failure   Level  Hunger
 Sticks to Snakes         Tmut           #.......     100%        2    ###....
 Spider Form              Tmut/Pois      #.........   100%        3    ####...
 Ice Form                 Ice/Tmut       #.......     100%        4    #####..
 Blade Hands              Tmut           #.........   100%        5    ######.


Dungeon Overview and Level Annotations

Branches:
Dungeon (2/15)

Altars:


Innate Abilities, Weirdness & Mutations

You have extremely sharp teeth.
When hurt, damage is shared between your health and your magic reserves.
Your bite disrupts and absorbs the magic of your enemies.
Potions cannot restore your health.
You are immune to rotting.


Message History

You feel sick.
The hobgoblin hits you but does no damage.
You completely miss the hobgoblin.
The hobgoblin hits you but does no damage.
Your plate armour prevents you from hitting the hobgoblin.
Your bite misses the hobgoblin.
The hobgoblin hits you but does no damage.
You closely miss the hobgoblin.
* * * LOW HITPOINT WARNING * * *
You feel sick.
The hobgoblin hits you but does no damage.
You hit the hobgoblin.
The hobgoblin is moderately wounded.
The hobgoblin hits you but does no damage.
You hit the hobgoblin.
The hobgoblin is heavily wounded.
The hobgoblin hits you but does no damage.
You hit the hobgoblin.
You kill the hobgoblin!
You die...

#.#.## #.#+##
###############.....
#.............#.....
#.............#.....
#.............#.....
#.............#.....
#.............#.....
#..@..........'.....
#...†.........##....
#.............+.....
#.............######
#.............#### #
##########.......# #
#.......# #
#.......###
#.......+..


There were no monsters in sight!

Vanquished Creatures
  An adder (D:1)
  A leopard gecko (D:1)
  A giant cockroach (D:1)
  A goblin (D:1)
  2 hobgoblins (D:1)
  3 jackals (D:1)
  3 kobolds (D:1)
  A bat (D:1)
  A rat (D:1)
14 creatures vanquished.

Notes
Turn   | Place    | Note
-------+----------+-------------------------------------------
     0 | D:1      | zishaf the Vine Stalker Transmuter began the quest for the
                  | Orb.
     0 | D:1      | Reached XP level 1. HP: 9/9 MP: 4/4
    72 | D:1      | Reached skill level 1 in Fighting
   408 | D:1      | Reached XP level 2. HP: 14/14 MP: 6/6
   907 | D:1      | Reached XP level 3. HP: 3/18 MP: 3/7
   913 | D:1      | Succumbed to an adder's poison

Vault maps used:
D:1:      evilmike_arrival_fibonacci_small, dk_noncrumbling_4
D:2:      nemelex_xobeh_ov_fountains_minmay

Skill      XL: |  1  2 |
---------------+-------+-----
Fighting       | 1 |  1.3
Dodging        | 2 |  2.0
Unarmed Combat | |  3.3
Spellcasting   | |  2.3
Transmutations | |  2.1

Action                   || total
-------------------------++-------
Melee: Whip              ||    60
       Unarmed           ||     7
       Bite              ||    12
       Punch             ||     2
 Stab: Sleeping          ||     1
Armor: Robe              ||     3
       Plate armour      ||    70
Dodge: Dodged            ||    22

Table legend:
 A = Non-vault XP
 B = Vault XP
 C = Vault XP percentage of total XP
 D = Non-vault monster count
 E = Vault monster count
 F = Vault count percentage of total count
                 A         B        C        D         E       F
            +---------+---------+-------+---------+---------+-------
      Total |      36 |       0 |   0.0 |      14 |       0 |   0.0
            +---------+---------+-------+---------+---------+-------
        D:1 |      36 |       0 |   0.0 |      14 |       0 |   0.0
            +---------+---------+-------+---------+---------+-------
